 Dungeon Crawl Stone Soup version 0.31-a0-187-gba352fbbf7 (webtiles) character file.

Game seed: 16060193280054858300

162 qw the Skirmisher (level 5, 0/29 HPs)
             Began as a Deep Elf Hunter on June 22, 2023.
             Succumbed to a scorpion's poison
             ... on level 4 of the Dungeon.
             The game lasted 00:00:40 (1541 turns).

qw the Skirmisher (Deep Elf Hunter)                 Turns: 1541, Time: 00:00:40

Health: 0/29       AC:  6    Str: 10    XL:     5   Next: 19%
Magic:  7/7        EV: 11    Int: 14    God:
Gold:   88         SH:  0    Dex: 18    Spells: 4/4 levels left

rFire   . . .        Y - +0 shortbow
rCold   . . .        (shield currently unavailable)
rNeg    . . .        h - +0 ring mail
rPois   .            g - +0 helmet
rElec   .            (no cloak)
rCorr   .            (no gloves)
SInv    .            (no boots)
Will    .....        (no amulet)
Stlth   +            (no ring)
HPRegen 0.24/turn    (no ring)
MPRegen 0.10/turn

%: no passive effects
@: lethally poisoned (0 -> -6)
A: no striking features
a: no special abilities


You were on level 4 of the Dungeon.
You visited 1 branch of the dungeon, and saw 5 of its levels.

You collected 88 gold pieces.


   Skills:
 - Level 1.5 Fighting
 + Level 8.6 Ranged Weapons
 - Level 2.4 Dodging
 - Level 1.2 Stealth


You had 4 spell levels left.
You didn't know any spells.
Your spell library was empty.

Inventory:

Hand Weapons
 Y - a +0 shortbow (weapon)
Armour
 g - a +0 helmet (worn)
 h - a +0 ring mail (worn)
Scrolls
 a - a scroll of identify
Potions
 d - a potion of haste
 f - a potion of mutation {unknown}
 i - a potion of enlightenment {unknown}
 k - 2 potions of curing

Dungeon Overview and Level Annotations

Branches:
Dungeon (5/15)
 Temple: D:4-7

Altars:


Message History

Found a hand axe.
Found a stone.
A scorpion comes into view.
The scorpion moves out of view.
A ball python comes into view.
You shoot an arrow. The arrow hits the ball python!
You kill the ball python!
You shoot an arrow.
The arrow hits the scorpion but does no damage.
You shoot an arrow.
The arrow hits the scorpion but does no damage.
The scorpion barely misses you. The scorpion stings you.
You are poisoned.
The scorpion poisons you!
You shoot an arrow. The arrow barely misses the scorpion.
You feel very sick. The scorpion stings you.
You shoot an arrow. The arrow barely misses the scorpion.
You feel sick. The scorpion stings you.
You shoot an arrow. The arrow barely misses the scorpion.
You feel sick. The scorpion closely misses you.
The scorpion stings you but does no damage.
You shoot an arrow.
The arrow hits the scorpion but does no damage.
You feel sick. The scorpion stings you.
You shoot an arrow. The arrow barely misses the scorpion.
You feel sick. The scorpion stings you.
You shoot an arrow. The arrow hits the scorpion.
The scorpion is moderately wounded.
You feel sick. The scorpion stings you. x2
You are lethally poisoned!
The scorpion poisons you!
You shoot an arrow. The arrow hits the scorpion!
The scorpion is almost dead.
You feel very sick.
The scorpion stings you but does no damage.
You shoot an arrow. The arrow barely misses the scorpion.
You feel sick. The scorpion misses you.
You shoot an arrow. The arrow barely misses the scorpion.
You die...

#.##.## .. ....
##.....####. . ...
.......#.....#...
###..............?
##.........# .##.(# #
..#........#.##...#.#
...#......##........#
..##..........#.@# .
.>#........## #.s# ...
#......#....###..#.....
#.#...###...#...........
..##...#..#.........#..#
...#............###.#
...#...##.....### ...
....)..###...... ...
.......# #.....## ...


You could see a scorpion.

Vanquished Creatures
  An orc priest (D:5)
  A sleepcap (D:5)
  An orc wizard (D:5)
  3 adders (D:2)
  6 orcs (D:5)
  6 ball pythons
  4 endoplasms
  2 giant cockroaches (D:1)
  4 goblins
  5 hobgoblins
  A quokka (D:2)
  2 bats
  4 frilled lizards
  4 kobolds
  8 rats
52 creatures vanquished.

Notes
Turn   | Place    | Note
-------+----------+-------------------------------------------
     0 | D:1      | qw the Deep Elf Hunter began the quest for the Orb.
     0 | D:1      | Reached XP level 1. HP: 12/12 MP: 3/3
     0 | D:1      | 0 ||| qw: Version: 0.3-a-9-g12657ce
     0 | D:1      | 0 ||| qw: Game counter: 2054
     0 | D:1      | 0 ||| qw: Always use a shield: true
     0 | D:1      | 0 ||| qw: God list: Okawaru
     0 | D:1      | 0 ||| qw: Allow faded altars: false
     0 | D:1      | 0 ||| qw: Do Orc after D:15 true
     0 | D:1      | 0 ||| qw: Do second Lair branch before Depths: true
     0 | D:1      | 0 ||| qw: Lair rune preference: random
     0 | D:1      | 0 ||| qw: Plans: Normal
     0 | D:1      | 0 ||| PLANNING D:1-11
   122 | D:1      | Reached XP level 2. HP: 16/16 MP: 4/4
   146 | D:1      | Reached skill level 6 in Ranged Weapons
   657 | D:1      | 657 ||| UPGRADING to +0 helmet.
   662 | D:1      | 662 ||| DROPPING ring of magical power.
   663 | D:1      | 663 ||| READING scroll labelled BAAGGU FIQOUWA.
   664 | D:1      | 664 ||| READING scroll labelled GYHUVU IRI GET.
   665 | D:1      | 665 ||| DRINKING 2 ruby potions.
   666 | D:1      | 666 ||| DROPPING scroll of butterflies.
   737 | D:2      | Reached XP level 3. HP: 20/20 MP: 5/5
   792 | D:2      | Reached skill level 7 in Ranged Weapons
  1078 | D:2      | 1078 ||| DRINKING 3 fizzy inky potions.
  1118 | D:3      | Reached XP level 4. HP: 25/25 MP: 6/6
  1312 | D:3      | You fall into a shaft and drop 2 floors!
  1312 | D:5      | Entered Level 5 of the Dungeon
  1404 | D:5      | Reached skill level 8 in Ranged Weapons
  1411 | D:5      | Reached XP level 5. HP: 29/29 MP: 7/7
  1478 | D:5      | 1478 ||| UPGRADING to +0 scale mail.
  1488 | D:5      | 1488 ||| DROPPING +0 leather armour.
  1489 | D:5      | 1489 ||| UPGRADING to +0 ring mail.
  1499 | D:5      | 1499 ||| DROPPING +0 scale mail.
  1500 | D:5      | 1500 ||| READING scroll labelled HEHIWA SANUDEK.
  1507 | D:5      | 1507 ||| FLEEEEING.
  1508 | D:5      | 1508 ||| STAIRDANCE
  1510 | D:4      | 1510 ||| PLANNING SEWER
  1538 | D:4      | HP: 7/29 [scorpion (2)]
  1540 | D:4      | HP: 2/29 [poisoned by a scorpion]
  1541 | D:4      | Succumbed to a scorpion's poison

Levels and vault maps discovered:
D:1:      minmay_arrival_stone_box, layout_loops_ring
D:2:      layout_rooms, hangedman_decor_slide_cut
D:3:      layout_loops_corners, dreamdust_ecumenical_altar_hidden_monk_grotto
D:4:      layout_cave_pools, overflow_temple_1_default,
          nicolae_overflow_hidden_temple, nicolae_overflow_crystal_walls,
          portal_sewer_entry_a, serial_shops, nicolae_shop_tiny_waterfront,
          minmay_cupped
D:5:      layout_rooms, led_sif_pool, serial_bayou, serial_bayou_pond_a,
          serial_bayou_lagoon_b, serial_bayou_crossing, serial_bayou_pond_d,
          gammafunk_ghost_hive

Skill      XL: |  1  2  3  4 |
---------------+-------------+-----
Ranged Weapons | 6 7 8 |  8.6
Fighting       | |  1.5
Dodging        | |  2.4
Stealth        | |  1.2

Action                     |  1- 3 |  4- 6 || total
---------------------------+-------+-------++-------
   Fire: Shortbow          |    93 |    61 ||   154
    Use: Scroll            |     2 |     1 ||     3
         Potion            |     2 |       ||     2
 Armour: Leather armour    |     5 |     3 ||     8
         Ring mail         |       |     2 ||     2
  Dodge: Dodged            |    29 |    21 ||    50

Table legend:
 A = Non-vault XP
 B = Vault XP
 C = Vault XP percentage of total XP
 D = Non-vault monster count
 E = Vault monster count
 F = Vault count percentage of total count
                 A         B        C        D         E       F
            +---------+---------+-------+---------+---------+-------
      Total |     232 |       0 |   0.0 |      52 |       0 |   0.0
            +---------+---------+-------+---------+---------+-------
        D:1 |      28 |       0 |   0.0 |      18 |       0 |   0.0
        D:2 |      67 |       0 |   0.0 |      20 |       0 |   0.0
        D:3 |       5 |       0 |   0.0 |       4 |       0 |   0.0
        D:4 |       1 |       0 |   0.0 |       1 |       0 |   0.0
        D:5 |     131 |       0 |   0.0 |       9 |       0 |   0.0
            +---------+---------+-------+---------+---------+-------
